 Dungeon Crawl Stone Soup version 0.19.0-19-g8c6edcc (webtiles) character file.

71 kroki the Digger (level 4, 0/27 HPs)
             Began as an Octopode Earth Elementalist on Nov 14, 2016.
             Slain by Ijyb
             ... wielding a +5 dagger of venom
              (1 damage)
             ... on level 3 of the Dungeon.
             The game lasted 00:03:08 (2407 turns).

kroki the Digger (Octopode Earth Elementalist)      Turns: 2407, Time: 00:03:09

Health: 0/27       AC:  1    Str:  7    XL:     4   Next: 24%
Magic:  0/7        EV: 12    Int: 18    God:
Gold:   88         SH:  3    Dex: 12    Spells: 2 memorised, 4 levels left

rFire  . . .     SeeInvis .     b - 119 stones
rCold  . . .     Gourm    .     e - +0 buckler
rNeg   . . .     Faith    .     (helmet restricted)
rPois  .         Spirit   .     (no amulet)
rElec  .         Reflect  .     (no ring)
rCorr  .         Harm     .     (no ring)
MR     .....                    (no ring)
Stlth  +++.......               (no ring)
                                (no ring)
                                (no ring)
                                (no ring)
                                (no ring)

@: lethally poisoned (0 -> -31)
A: almost no armour, stealthy swim, amphibious, 8 rings, constrict 8, camouflage
1, gelatinous body 1
a: no special abilities


You were on level 3 of the Dungeon.
You were not hungry.

You visited 1 branch of the dungeon, and saw 3 of its levels.

You collected 88 gold pieces.

Inventory:

Hand Weapons
 i - a +0 spear
   (You found it on level 2 of the Dungeon)
Missiles
 b - 119 stones (in tentacle)
Armour
 e - a +0 buckler (worn)
   (You found it on level 2 of the Dungeon)
Jewellery
 a - a +3 amulet of reflection
   (You found it on level 2 of the Dungeon)
Books
 d - a book of Geomancy
Comestibles
 c - 5 bread rations {@e1}
 f - 4 chunks of flesh {@w0}
 j - 2 beef jerkies


   Skills:
 - Level 2.0 Dodging
 - Level 2.6 Stealth
 - Level 2.0 Spellcasting
 - Level 1.0 Transmutations
 + Level 4.9 Earth Magic


You had 4 spell levels left.
You knew the following spells:

 Your Spells              Type           Power        Failure   Level  Hunger
a - Sandblast             Erth           ###...       6%          1    #......
w - Passwall              Tmut/Erth      ##........   17%         2    ###....


Dungeon Overview and Level Annotations

Branches:
Dungeon (3/15)

Altars:
Cheibriados

Annotations:
D:3 Ijyb


Innate Abilities, Weirdness & Mutations

You cannot wear most types of armour.
You are very stealthy in the water. (Stealth+)
You are amphibious.
You can wear up to eight rings at the same time.
You can use your tentacles to constrict eight enemies at once.
Your skin changes colour to match your surroundings (Stealth+).
Your rubbery body absorbs attacks. (AC +1, EV +1)


Message History

You kill the ball python!
You now have 4/7 mp.
Things that are here:
a ball python corpse; a kobold corpse No target in view!
MP restored: 7 You butcher the ball python corpse.
f - 9 chunks of flesh {@w0} (gained 3)
You see here a kobold corpse. x2
b - 126 stones (gained 1)
b - 127 stones (gained 1)
A rat comes into view.
No target in range!
A rat is nearby!
No target in range!
A rat is nearby!
No target in range!
A rat is nearby!
No target in range!
A rat is nearby!
No target in range!
A rat is nearby!
No target in range!
A rat is nearby!
No target in range!
A rat is nearby!
No target in range!
A giant cockroach comes into view.
Some of the chunks of flesh in your inventory have rotted away.
There are monsters nearby!
Aim: a rat (resting)
The rocky blast hits the rat.
You kill the rat!
You now have 6/7 mp.
Ijyb the Twisted Goblin comes into view.
She is wielding a dagger of venom.
Ijyb shouts!
A kobold comes into view. It is wielding a whip.
You start resting.
Wield which item (- for none, * to show all)? (? for menu, Esc to quit)
i - a +0 spear (weapon)
MP restored: 7 Unknown command.
Wield which item (- for none, * to show all)? (? for menu, Esc to quit)
b - 126 stones (in tentacle)
You don't know that spell.
Unknown command.
Ijyb is nearby!
Aim: Ijyb, wielding a dagger of venom and wearing a shiny scale mail The rocky blast hits Ijyb.
A frilled lizard comes into view.
You now have 6/7 mp.
There are monsters nearby!
Aim: Ijyb, wielding a dagger of venom and wearing a shiny scale mail (lightly wounded)
The rocky blast misses Ijyb.
You block Ijyb's attack.
You now have 5/7 mp.
There are monsters nearby!
Aim: Ijyb, wielding a dagger of venom and wearing a shiny scale mail (lightly wounded)
The rocky blast hits Ijyb.
Ijyb hits you with a dagger of venom.
You are poisoned.
You take 4 damage, and have 23/27 hp.
You now have 4/7 mp.
Ijyb is nearby!
Aim: Ijyb, wielding a dagger of venom and wearing a shiny scale mail (lightly wounded)
The rocky blast hits Ijyb.
You feel sick. Ijyb hits you with a dagger of venom.
You are lethally poisoned!
You take 5 damage, and have 18/27 hp.
You now have 3/7 mp.
Aim: Ijyb, wielding a dagger of venom and wearing a shiny scale mail (lightly wounded)
The rocky blast hits Ijyb.
The kobold shouts!
You feel sick. Ijyb hits you with a dagger of venom.
You are more poisoned.
You take 6 damage, and have 12/27 hp.
MASSIVE DAMAGE!!
You now have 2/7 mp.
Aim: Ijyb, wielding a dagger of venom and wearing a shiny scale mail (moderately wounded)
The rocky blast hits Ijyb.
You feel very sick. You block Ijyb's attack.
You take 3 damage, and have 9/27 hp.
You now have 1/7 mp.
Aim: Ijyb, wielding a dagger of venom and wearing a shiny scale mail (moderately wounded)
The rocky blast hits Ijyb.
* * * LOW HITPOINT WARNING * * *
You feel sick. Ijyb hits you with a dagger of venom.
* * * LOW HITPOINT WARNING * * *
You are more poisoned.
You take 2 damage, and have 7/27 hp.
You now have 0/7 mp.
Here: Ijyb, wielding a dagger of venom and wearing a shiny scale mail (moderately wounded)
The floor.
You aren't carrying any potions.
You aren't carrying any potions.
You remove your +3 amulet of reflection.
* * * LOW HITPOINT WARNING * * *
You feel sick.
You take 1 damage, and have 6/27 hp.
Unknown command.
* * * LOW HITPOINT WARNING * * *
You feel very sick.
You take 3 damage, and have 3/27 hp.
* * * LOW HITPOINT WARNING * * *
You feel sick. Ijyb hits you with a dagger of venom.
You die...

##.#....#####..#######
......................
.........#####........
..............#########
.###.#.#.###......#
#.#.#.# #......#
#.#.#.# #......# #.#.#
#......# #.#. #.@....#
#.#. #.g....# ...
##l##### .#.#.#.####.#
.....$....K.#
...................
.###.......$.....#.
........##.####.#
.............. ..


You could see Ijyb, a kobold and a frilled lizard.

Vanquished Creatures
  2 adders
  A worm (D:2)
  A dart slug (D:2)
  A leopard gecko (D:1)
  A ball python (D:3)
  3 giant cockroaches
  A goblin (D:1)
  6 hobgoblins
  3 jackals (D:1)
  2 quokkas (D:2)
  8 bats
  3 frilled lizards
  9 kobolds
  3 rats
44 creatures vanquished.

Notes
Turn   | Place    | Note
-------+----------+-------------------------------------------
     0 | D:1      | kroki the Octopode Earth Elementalist began the quest for the Orb.
     0 | D:1      | Reached XP level 1. HP: 11/11 MP: 3/3
   338 | D:1      | Reached XP level 2. HP: 17/17 MP: 3/5
  1135 | D:1      | Reached skill level 4 in Earth Magic
  1222 | D:1      | Reached XP level 3. HP: 21/21 MP: 0/6
  1329 | D:2      | Learned a level 2 spell: Passwall
  2151 | D:2      | Reached XP level 4. HP: 23/27 MP: 3/7
  2235 | D:3      | Found a snail-covered altar of Cheibriados.
  2386 | D:3      | Noticed Ijyb
  2405 | D:3      | HP: 6/27 [poisoned by Ijyb]
  2407 | D:3      | HP: 1/27 [poisoned by Ijyb]
  2407 | D:3      | Slain by Ijyb

Skill      XL: |  1  2 |
---------------+-------+-----
Earth Magic    | 4 |  4.9
Dodging        | |  2.0
Stealth        | |  2.6
Spellcasting   | |  2.0
Transmutations | |  1.0

Action                   |  1- 3 |  4- 6 || total
-------------------------+-------+-------++-------
Melee: Club              |     4 |       ||     4
       Constrict         |     6 |       ||     6
       Tentacles         |     1 |       ||     1
       Spear             |     4 |       ||     4
Throw: Stone             |     3 |       ||     3
 Cast: Sandblast         |    54 |    16 ||    70
  Use: Scroll            |     4 |       ||     4
  Eat: Chunk             |     4 |     1 ||     5
Armor: Skin              |     4 |       ||     4
Dodge: Dodged            |    22 |       ||    22
Block: Buckler           |     1 |     5 ||     6
       Reflection        |       |     2 ||     2

Vault maps used:
D:1:      lightli_arrival_noodles
D:2:      first_bread
D:3:      cheibriados_altar_1, uniq_iyjb

Table legend:
 A = Turns spent in this place as a percentage of turns spent in the entire game.
 B = Non-inter-level travel turns spent in this place as a percentage of non-inter-level travel turns spent in the entire game.
 C = Inter-level travel turns spent in this place as a percentage of turns spent in this place.
 D = Turns resting spent in this place as a percentage of non-inter-level travel turns spent in this place.
 E = Turns spent auto-exploring this place as a percentage of non-inter-level travel turns spent in this place.
 F = Non-inter-level travel turns spent in this place divided by the number of levels of this place that you've seen.
                   A       B       C       D       E      F
               +-------+-------+-------+-------+-------+----------------------
         Total | 100.0 | 100.0 |   0.8 |   0.2 |   7.5 | 356.0
       Dungeon | 100.0 | 100.0 |   0.8 |   0.2 |   7.5 | 356.0
               +-------+-------+-------+-------+-------+----------------------

Table legend:
 A = Kills in this place as a percentage of kills in entire the game.
 B = Kills by you in this place as a percentage of kills by you in the entire game.
 C = Kills by friends in this place as a percentage of kills by friends in the entire game.
 D = Other kills in this place as a percentage of other kills in the entire game.
 E = Experience gained in this place as a percentage of experience gained in the entire game.
 F = Experience gained in this place divided by the number of levels of this place that you have seen.
                   A       B       C       D       E      F
               +-------+-------+-------+-------+-------+----------------------
         Total | 100.0 | 100.0 |  -nan |  -nan | 100.0 |  34.0
       Dungeon | 100.0 | 100.0 |  -nan |  -nan | 100.0 |  34.0
               +-------+-------+-------+-------+-------+----------------------
